 Dungeon Crawl Stone Soup version 0.30.1-11-g7821555f0a (webtiles) character file.

Game seed: 782562098437556292

2440 Peloso the Carver (level 9, -4/70 (78) HPs)
             Began as a Minotaur Fighter on Dec 12, 2023.
             Killed from afar by a Hell Sentinel (36 damage)
             ... with damnation
             ... on level 1 of the Abyss.
             The game lasted 00:11:24 (7519 turns).

Peloso the Carver (Minotaur Fighter)                Turns: 7519, Time: 00:11:24

HP:   -4/70 (78)    AC: 18    Str: 21    XL:     9   Next: 25%
MP:   8/8           EV:  4    Int:  5    God:
Gold: 313           SH: 16    Dex: 14    Spells: 8/8 levels left

rFire   . . .        a - +0 long sword
rCold   . . .        d - +1 tower shield
rNeg    . . .        l - +0 plate armour
rPois   +            (helmet restricted)
rElec   .            (no cloak)
rCorr   .            e - +0 pair of gloves
SInv    .            g - +2 pair of boots
Will    .....        (no amulet) Stlth
                     j - ring of poison resistance
HPRegen 0.31/turn    (no ring)
MPRegen 0.11/turn

%: no passive effects
@: heavily drained
A: horns 2, retaliatory headbutt
a: no special abilities


You were on level 1 of the Abyss.
You visited 2 branches of the dungeon, and saw 9 of its levels.
You visited the Abyss 1 time.

You collected 313 gold pieces.

Inventory:

Hand Weapons
 a - a +0 long sword (weapon)
 b - a +0 whip of flaming
 c - a +2 heavy war axe
Armour
 d - a +1 tower shield (worn)
 e - a +0 pair of gloves (worn)
 g - a +2 pair of boots (worn)
 l - a +0 plate armour (worn)
Jewellery
 j - a ring of poison resistance (left hand)
 n - a ring of protection from cold
 r - a ring of ice
 s - a ring of magical power
 u - an amulet of faith
 w - a ring of flight
Wands
 y - a wand of digging (6)
 C - a wand of flame (14)
Scrolls
 h - 3 scrolls of torment {unknown}
 k - 2 scrolls of teleportation
 m - 2 scrolls of identify {unknown}
 p - a scroll of silence {unknown}
 t - a scroll of immolation {unknown}
 v - 3 scrolls of fog
 x - a scroll of enchant armour
 z - a scroll of brand weapon {unknown}
 B - a scroll of poison {unknown}
 D - a scroll of amnesia {unknown}
Potions
 f - 4 potions of might
 i - a potion of flight
 o - a potion of mutation {unknown}
 q - a potion of cancellation {unknown}
 A - 2 potions of heal wounds {unknown}


   Skills:
 + Level 6.5 Fighting
 + Level 9.8 Long Blades
 + Level 7.5 Armour
 + Level 0.5 Dodging
 + Level 0.4 Stealth
 + Level 8.4 Shields
 + Level 0.3 Evocations


You had 8 spell levels left.
You didn't know any spells.
Your spell library contained the following spells:

 Spells                   Type           Power      Damage    Failure   Level
 Magic Dart               Conj           0%         1d3       100%        1
 Shock                    Conj/Air       0%         1d3       100%        1
 Slow                     Hex            0%         N/A       100%        1
 Call Imp                 Summ           0%         N/A       100%        2
 Cigotuvi's Dreadful Rot  Necr/Pois/Air  0%         N/A       100%        2
 Ensorcelled Hibernation  Hex/Ice        0%         N/A       100%        2
 Passwall                 Tmut/Erth      0%         N/A       100%        2
 Confusing Touch          Hex            0%         N/A       100%        3
 Ignite Poison            Fire/Tmut/Pois 0%         N/A       100%        3
 Mephitic Cloud           Conj/Pois/Air  0%         N/A       100%        3
 Spider Form              Tmut/Pois      0%         N/A       100%        3
 Swiftness                Air            0%         N/A       100%        3
 Vampiric Draining        Necr           0%         2d6       100%        3
 Vhi's Electric Charge    Tloc/Air       0%         N/A       100%        3
 Airstrike                Air            0%         2d(0-16)  100%        4
 Anguish                  Hex/Necr       0%         N/A       100%        4
 Arcjolt                  Conj/Air       0%         1d10      100%        5
 Freezing Cloud           Conj/Ice/Air   0%         6-21      100%        5
 Plasma Beam              Fire/Air       0%         2x1d11    100%        6


Dungeon Overview and Level Annotations

Branches:
Dungeon (8/15)             Temple (1/1) D:6
   Lair: D:8-11

Altars:
Ashenzari
Cheibriados
Elyvilon
Fedhas
Gozag
Hepliaklqana
Kikubaaqudgha
Makhleb
Nemelex Xobeh
Ru
Sif Muna
Uskayaw
Wu Jian
Xom
Zin

Annotations:
D:8 exclusions: ice statue and 2 oklob plants, Psyche; YordlordTheGreat's ghost, novice MiHu


Innate Abilities, Weirdness & Mutations

You have a pair of horns on your head.
You reflexively headbutt those who attack you in melee.


Message History

Level annotation: exclusions: ice statue and 2 oklob plants, Psyche; YordlordTheGreat's ghost, novice MiHu A white imp comes into view.
Psyche casts a spell.
A swirling arc of seething chaos appears!
The arc of chaos hits you!
The white imp shouts!
You are cast into the Abyss!
This branch contains the abyssal rune of Zot.
A Hell Sentinel is cast out of reality.
A Hell Sentinel is nearby!
Unknown command.
Unknown command.
You hit the Hell Sentinel but do no damage.
You block the Hell Sentinel's attack. The Hell Sentinel hits you!
You hit the Hell Sentinel but do no damage.
You block the Hell Sentinel's attack. x2
You barely miss the Hell Sentinel.
You headbutt the Hell Sentinel, but do no damage.
The Hell Sentinel completely misses you.
You furiously retaliate!
You headbutt the Hell Sentinel! You block the Hell Sentinel's attack.
You hit the Hell Sentinel but do no damage.
The Hell Sentinel is lightly wounded.
The Hell Sentinel hits you. You block the Hell Sentinel's attack.
You hit the Hell Sentinel.
You headbutt the Hell Sentinel, but do no damage.
The Hell Sentinel is lightly wounded.
You block the Hell Sentinel's attack. x2
You barely miss the Hell Sentinel.
You headbutt the Hell Sentinel, but do no damage.
The Hell Sentinel is lightly wounded.
The Hell Sentinel hits you!! The Hell Sentinel hits you!
The Hell Sentinel barely misses you.
The Hell Sentinel hits you but does no damage.
You hit the Hell Sentinel but do no damage.
The Hell Sentinel is lightly wounded.
The Hell Sentinel gestures at you.
The sphere of damnation explodes!
The damnation engulfs you!!!
Ouch! That really hurt!
You die...

.# # ..## . ..# .#
..##. #...## #..#.#
#1#.# . #@.## #.
##..# #.# ##..##
###..# ###.#..#..
..... .... .......
.. . ..... ......#
...............#...
.. ##....... ...#..
.. # ##. ... .. .#.


You could see a Hell Sentinel.

Vanquished Creatures
  An orc warrior (D:6)
  2 black bears
  2 ice beasts
  A centaur (D:7)
  2 ogres
  4 scorpions
  9 wights
  3 hounds
  5 orc priests
  4 jellies
  Crazy Yiuf (D:3)
  A sleepcap (D:6)
  2 gnoll boudas (D:7)
  2 iguanas
  6 orc wizards
  Natasha (D:3)
  8 adders
  13 gnolls
  A shadow imp (D:5)
  2 white imps (D:7)
  An ufetubus (D:5)
  2 worms
  5 dart slugs
  17 orcs
  4 ball pythons
  8 endoplasms
  3 giant cockroaches
  7 goblins
  3 hobgoblins
  6 jackals (D:3)
  7 kobolds
  2 quokkas
  7 bats
  3 frilled lizards
  6 rats
151 creatures vanquished.

Notes
Turn   | Place    | Note
-------+----------+-------------------------------------------
     0 | D:1      | Peloso the Minotaur Fighter began the quest for the Orb.
     0 | D:1      | Reached XP level 1. HP: 19/19 MP: 0/0
   120 | D:1      | Reached XP level 2. HP: 27/27 MP: 1/1
   844 | D:1      | Reached XP level 3. HP: 33/33 MP: 2/2
   920 | D:1      | Reached skill level 3 in Long Blades
  1707 | D:3      | Found a sparkling altar of Nemelex Xobeh.
  1762 | D:3      | Reached XP level 4. HP: 31/41 MP: 3/3
  1988 | D:3      | Noticed Natasha
  1992 | D:3      | Killed Natasha
  2016 | D:3      | Found a hazy altar of Hepliaklqana.
  2286 | D:3      | Found a runed translucent door.
  2287 | D:3      | Noticed Crazy Yiuf
  2413 | D:3      | Killed Crazy Yiuf
  2414 | D:3      | Reached skill level 4 in Long Blades
  2414 | D:3      | Reached XP level 5. HP: 45/47 MP: 4/4
  2533 | D:4      | Noticed an ogre
  2541 | D:4      | Killed an ogre
  2542 | D:4      | Reached skill level 5 in Fighting
  2542 | D:4      | Reached skill level 5 in Armour
  3149 | D:5      | Entered Level 5 of the Dungeon
  3153 | D:5      | Reached XP level 6. HP: 56/56 MP: 5/5
  3199 | D:5      | Noticed an ice beast
  3211 | D:5      | Killed an ice beast
  3212 | D:5      | Reached skill level 5 in Long Blades
  3327 | D:5      | Found an ornate altar of the Wu Jian Council.
  3329 | D:5      | Reached skill level 5 in Shields
  3393 | D:5      | Reached XP level 7. HP: 24/61 MP: 6/6
  3396 | D:5      | Reached skill level 6 in Long Blades
  4180 | D:6      | Reached skill level 7 in Long Blades
  4556 | D:6      | Reached XP level 8. HP: 66/70 MP: 7/7
  4912 | D:6      | Reached skill level 8 in Long Blades
  5048 | D:6      | HP: 2/69 [orc warrior/+0 trident (6)]
  5271 | D:6      | Found a staircase to the Ecumenical Temple.
  5280 | Temple   | Entered the Ecumenical Temple
  6385 | D:7      | Reached skill level 9 in Long Blades
  6730 | D:8      | Reached XP level 9. HP: 67/75 MP: 8/8
  6772 | D:8      | Noticed an oklob plant
  6772 | D:8      | Noticed a kobold demonologist
  6774 | D:8      | Noticed a troll
  6776 | D:8      | Noticed an ice statue
  6781 | D:8      | Noticed an oklob plant
  6786 | D:8      | Found a broken altar of Ashenzari.
  6854 | D:8      | Noticed a white ugly thing
  6855 | D:8      | Noticed YordlordTheGreat's ghost (novice MiHu)
  7177 | D:8      | Noticed Psyche
  7498 | Abyss:1  | Cast into level 1 of the Abyss (Psyche)
  7512 | Abyss:1  | Noticed a Hell Sentinel
  7519 | Abyss:1  | Killed from afar by a Hell Sentinel

Illustrated notes

Levels and vault maps discovered:
D:1:      dreamdust_arrival_sigmund_warning, layout_rooms, minivault_11
D:2:      layout_basic
D:3:      layout_basic, mainiacjoe_overflow_24_doors,
          worldfamousw_hep_ancestral_shrine, minmay_quadrilaterals,
          uniq_crazy_yiuf_cottage, uniq_natasha
D:4:      layout_loops_ring, minmay_crystal_room
D:5:      layout_rooms, nicolae_wu_jian_wuxing_cycle, minivault_5
D:6:      layout_basic, minmay_temple_entry_tees,
          chequers_serial_rivers_micro_a, mrwooster_statue_mirror,
          corexii_item_surrounded_by_moat
D:7:      layout_basic
D:8:      layout_gridville, tso_metal_star, general_overflow_altar,
          lemuel_doored_altar, nzn_ghost_randoct, st_stairs_3, uniq_psyche
Temple:   grunt_temple_mini_profane
Abyss:1:  base:
D:1

Skill      XL: |  1  2  3  4  5  6  7  8 |
---------------+-------------------------+-----
Fighting       | 4 5 6 |  6.5
Armour         | 4 5 6 7 |  7.5
Long Blades    | 3 4 5 7 9 |  9.8
Shields        | 4 5 6 8 |  8.4
Dodging        | |  0.5
Stealth        | |  0.4
Evocations     | |  0.3

Action                     |  1- 3 |  4- 6 |  7- 9 || total
---------------------------+-------+-------+-------++-------
  Melee: Long sword        |   120 |   122 |   303 ||   545
         Headbutt          |     6 |    23 |    69 ||    98
  Evoke: Wand              |       |       |     4 ||     4
    Use: Potion            |     2 |       |     3 ||     5
         Scroll            |     1 |       |     4 ||     5
 Armour: Scale mail        |    44 |       |       ||    44
         Plate armour      |    55 |    91 |   195 ||   341
  Dodge: Dodged            |    39 |    22 |    39 ||   100
  Block: Buckler           |    29 |    17 |       ||    46
         Tower shield      |       |    40 |   304 ||   344
